[Event "Titled Tuesday Blitz July 20 2021"]
[White "LuckSlayeer"]
[Black "Seo, Jung Min"]
[BlackFideId "1734687"]
[WhiteElo "2568"]
[BlackElo "2486"]
[Result "0-1"]
[Round "08"]
[TimeControl "180+1"]
[Date "2021.07.21"]
[WhiteClock "0:00:02"]
[BlackClock "0:00:10"]

1. Nf3 Nf6 2. c4 g6 3. Nc3 Bg7 4. e4 d6 5. d4 O-O 6. Be2 Nc6 7. O-O e5 8. d5 Ne7 9. b4 a5 10. bxa5 c5 11. a4 Rxa5 12. Nd2 h6 13. Nb5 Ne8 14. Bb2 f5 15. Bc3 Ra8 16. a5 Nf6 17. f3 f4 18. Ra3 g5 19. Qa1 Ra6 20. Nxd6 Qxd6 21. Bxe5 Qd8 22. Nb3 Ng6 23. Bc3 Qe7 24. e5 Ne8 25. d6 Qd8 26. Nxc5 Rc6 27. Ne4 Bf5 28. Bd3 Kh8 29. Bd4 Qd7 30. Nc5 Rxc5 31. Bxc5 Bxd3 32. Rxd3 Nxe5 33. Qd1 Nxd3 34. Qxd3 Nf6 35. Re1 Qc6 36. Ba3 Rc8 37. Re7 Qxc4 38. Qxc4 Rxc4 39. d7 Nxd7 40. Rxd7 Ra4 41. Bd6 Rd4 42. Rd8+ Kh7 43. Bc7 Rc4 44. Rd7 Kg6 45. Bb6 Rc1+ 46. Kf2 Rc2+ 47. Kf1 Rc1+ 48. Ke2 Rc2+ 49. Kf1 Ra2 50. Rxb7 Bc3 51. Rc7 Bxa5 52. Ra7 Ra1+ 0-1


[Site "https://www.chess.com"]

[Event "Titled Tuesday Blitz July 20 2021"]
[White "Manukyan, Artyom"]
[Black "Dzhaparov, Medet"]
[WhiteFideId "13305786"]
[BlackFideId "13803689"]
[WhiteElo "2034"]
[BlackElo "1702"]
[Result "0-1"]
[Round "08"]
[TimeControl "180+1"]
[Date "2021.07.21"]
[WhiteClock "0:00:01"]
[BlackClock "0:00:05"]

1. e4 e5 2. Nf3 Nc6 3. Bb5 a6 4. Bxc6 dxc6 5. O-O Bg4 6. h3 Bxf3 7. Qxf3 Qd7 8. d3 f6 9. Nd2 h5 10. Nc4 O-O-O 11. a4 Qe6 12. Bd2 Ne7 13. b4 g5 14. Qg3 g4 15. h4 Bg7 16. f4 f5 17. fxe5 fxe4 18. Bg5 exd3 19. cxd3 Rhf8 20. Qe3 Kb8 21. b5 cxb5 22. Rxf8 Rxf8 23. axb5 Nd5 24. Qc5 b6 25. Qd4 axb5 26. Nd2 Qxe5 27. Qxe5 Bxe5 28. Re1 Bd4+ 29. Kh2 b4 30. Nc4 Rf2 31. Re4 Bf6 32. Re8+ Kb7 33. Bc1 Bxh4 34. Rd8 Rf5 35. Rd7 Kc6 36. Rh7 Bf6 37. Rh6 Kb5 38. Rh7 Kc6 39. Rh6 Kb7 40. Rh7 Be7 41. Bb2 Ka6 42. Rh8 b5 43. Nd2 Bd6+ 44. Kg1 Bc5+ 45. Kh2 Ne3 46. Ne4 Nf1+ 47. Kh1 Bb6 48. Ra8+ Kb7 49. Rh8 Ne3 50. d4 Rf1+ 51. Kh2 Rb1 52. d5 Nf1+ 53. Kh1 Rxb2 0-1


[Site "https://www.chess.com"]

[Event "Titled Tuesday Blitz July 20 2021"]
[White "Melikhov, Evgeny V."]
[Black "Leve, Nitai"]
[WhiteFideId "4122046"]
[BlackFideId "2006898"]
[WhiteElo "1965"]
[BlackElo "2144"]
[Result "1-0"]
[Round "08"]
[TimeControl "180+1"]
[Date "2021.07.21"]
[WhiteClock "0:00:26"]
[BlackClock "0:00:01"]

1. d4 d5 2. c4 c6 3. Nc3 Nf6 4. e3 a6 5. c5 Bf5 6. Nf3 Nbd7 7. Nh4 Bg4 8. f3 Bh5 9. g4 Bg6 10. Bd2 e5 11. Qb3 Ne4 12. Nxg6 Nxd2 13. Kxd2 hxg6 14. Qxb7 Rb8 15. Qxc6 Rxb2+ 16. Kc1 Rb8 17. Qxd5 Qa5 18. Kc2 Be7 19. Bc4 O-O 20. Rhb1 exd4 21. exd4 Nf6 22. Qe5 Rxb1 23. Rxb1 Bd8 24. Rb7 Kh7 25. Bxf7 Qa3 26. Bxg6+ Kh8 27. Bd3 Ba5 28. Rb3 Nd7 29. Qe4 1-0


[Site "https://www.chess.com"]

[Event "Titled Tuesday Blitz July 20 2021"]
[White "Mohammad Fahad, Rahman"]
[Black "Kukhmazov, Arsen"]
[WhiteFideId "10207791"]
[BlackFideId "24108260"]
[WhiteElo "2323"]
[BlackElo "2453"]
[Result "0-1"]
[Round "08"]
[TimeControl "180+1"]
[Date "2021.07.20"]
[WhiteClock "0:00:15"]
[BlackClock "0:01:26"]

1. e4 c6 2. d4 d5 3. e5 Bf5 4. h4 Qb6 5. g4 Bd7 6. Nc3 e6 7. f4 c5 8. Nf3 Nc6 9. Bb5 Nxd4 10. Bxd7+ Kxd7 11. O-O Nxf3+ 12. Qxf3 Ne7 13. f5 Nc6 14. fxe6+ fxe6 15. Nxd5 exd5 16. Qxd5+ Kc7 17. Rf7+ Ne7 18. Bf4 Qc6 19. Qd6+ Kb6 20. Rd1 Ng6 21. Qd3 c4 22. Be3+ Ka6 23. Qe2 Nxe5 24. Rf5 Re8 25. Rdf1 Bc5 26. Bxc5 Qxc5+ 27. Kh2 Re6 28. R1f4 Rhe8 29. Re4 Qc7 30. Kg2 g6 31. Rf1 Qc6 32. Kh3 Nd7 33. Qxc4+ Qxc4 34. Rxc4 Re3+ 35. Kg2 Re2+ 36. Rf2 Nf6 37. g5 Nd5 38. Rd4 Ne3+ 39. Kf3 Rxf2+ 40. Kxf2 Nxc2 41. Rd7 Ne3 42. Rxh7 Ng4+ 43. Kg3 Ne5 44. Rg7 Re6 45. Kf4 Nd3+ 46. Kg4 Nxb2 47. h5 gxh5+ 48. Kxh5 Nd3 49. g6 Nf4+ 50. Kg5 Rxg6+ 51. Rxg6+ Nxg6 52. Kxg6 Kb5 53. Kf6 Kc4 54. Ke6 b5 55. Kd6 a5 56. Kc6 a4 57. Kb6 a3 58. Ka5 b4 59. Ka4 Kc3 60. Kb5 Kb2 61. Kxb4 Kxa2 62. Kc3 Kb1 63. Kb3 a2 64. Kc3 a1=Q+ 0-1


[Site "https://www.chess.com"]

[Event "Titled Tuesday Blitz July 20 2021"]
[White "Molina, Roberto Junio Brito"]
[Black "Ezat, Mohamed"]
[WhiteFideId "2109450"]
[BlackFideId "10600906"]
[WhiteElo "2402"]
[BlackElo "2414"]
[Result "1-0"]
[Round "08"]
[TimeControl "180+1"]
[Date "2021.07.21"]
[WhiteClock "0:00:13"]
[BlackClock "0:00:02"]

1. d4 Nf6 2. c4 g6 3. Nc3 Bg7 4. e4 d6 5. Nf3 O-O 6. Be2 e5 7. O-O Nc6 8. d5 Ne7 9. b4 c6 10. Ba3 a5 11. bxa5 c5 12. Nd2 Qxa5 13. Bb2 Ne8 14. a4 f5 15. Nb5 Qd8 16. Bc3 Nf6 17. f3 f4 18. g4 fxg3 19. hxg3 Nh5 20. Kg2 Nxg3 21. Kxg3 Nf5+ 22. exf5 Qg5+ 23. Kf2 Qh4+ 24. Ke3 Bxf5 25. Ne4 Qh3 26. Rh1 Qg2 27. Qg1 Qxg1+ 28. Rhxg1 Bh6+ 29. Kd3 Rad8 30. Raf1 Bf4 31. Bd2 Bh2 32. Rg2 Bh3 33. Rxh2 Bxf1 34. Bxf1 Rxf3+ 35. Ke2 Rb3 36. Bh3 Kg7 37. Be6 h5 38. Nexd6 Rf8 39. Ne4 Rb2 40. Nxc5 Rf4 41. d6 Kf6 42. Bd5 e4 43. Nxe4+ Ke5 44. Nec3 Rf8 45. Kd3 Rf3+ 46. Bxf3 Kf5 47. Bxb7 1-0


[Site "https://www.chess.com"]

[Event "Titled Tuesday Blitz July 20 2021"]
[White "Najdin, Danil"]
[Black "volunteers1998"]
[WhiteFideId "4172426"]
[WhiteElo "2193"]
[BlackElo "2220"]
[Result "1-0"]
[Round "08"]
[TimeControl "180+1"]
[Date "2021.07.21"]
[WhiteClock "0:00:32"]
[BlackClock "0:00:02"]

1. e4 c5 2. Nf3 Nc6 3. d4 cxd4 4. Nxd4 Nf6 5. Nc3 e5 6. Ndb5 d6 7. Bg5 a6 8. Bxf6 gxf6 9. Na3 f5 10. Nd5 fxe4 11. Nc4 Be6 12. Ncb6 Rb8 13. Be2 Nd4 14. O-O Bh6 15. c3 Nc6 16. Bg4 Rg8 17. Bxe6 fxe6 18. Qh5+ Rg6 19. f4 exf3 20. Rxf3 exd5 21. Nxd5 Qg5 22. Qh3 Ne7 23. Nc7+ Kd8 24. Ne6+ Rxe6 25. Qxe6 Kc7 26. Rd1 Rd8 27. Rf7 Rd7 28. Rxh7 Qe3+ 29. Kh1 Bg5 30. h4 Qe2 31. Rg1 Bf6 32. Qxf6 Nd5 33. Rxd7+ Kxd7 34. Qf7+ Kc6 35. Qf3 Qd2 36. c4 Qf4 37. cxd5+ Kd7 38. Qxf4 1-0


[Site "https://www.chess.com"]

[Event "Titled Tuesday Blitz July 20 2021"]
[White "Nazaretyan, Tigran"]
[Black "Manukyan, Sargis A."]
[WhiteFideId "24162345"]
[BlackFideId "13303970"]
[WhiteElo "2214"]
[BlackElo "2187"]
[Result "1-0"]
[Round "08"]
[TimeControl "180+1"]
[Date "2021.07.21"]
[WhiteClock "0:00:38"]
[BlackClock "0:01:12"]

1. d4 d5 2. c4 e6 3. Nf3 Nf6 4. Nc3 Be7 5. Bf4 c5 6. dxc5 Na6 7. c6 bxc6 8. e3 O-O 9. Be2 Nc5 10. O-O Nce4 11. Rc1 Nxc3 12. Rxc3 Ne4 13. Rc2 Bd6 14. Bxd6 Qxd6 15. Bd3 Nc5 16. Be2 Rb8 17. b3 Rd8 18. Qd4 dxc4 19. Bxc4 Qxd4 20. Nxd4 Bb7 21. h4 Ne4 22. f3 Nf6 23. Be2 Nd5 24. Kf2 Rbc8 25. Rfc1 Nb4 26. Rc4 Nxa2 27. Ra1 c5 28. Nxe6 Rd2 29. Nxc5 Bd5 30. Ne4 Rxc4 31. Nxd2 Rc2 32. Nc4 Nc3 33. Re1 Bxc4 34. bxc4 Kf8 35. e4 Ke7 36. Ke3 Rxe2+ 37. Rxe2 Nxe2 38. Kxe2 Kd6 39. f4 Kc5 40. Kd3 a5 41. Kc3 a4 42. e5 a3 43. f5 h5 44. Kb3 g6 45. e6 1-0


[Site "https://www.chess.com"]

[Event "Titled Tuesday Blitz July 20 2021"]
[White "Nguyen, Hong Anh"]
[Black "Chernov, Mikhail"]
[WhiteFideId "12406732"]
[BlackFideId "24143170"]
[WhiteElo "1974"]
[BlackElo "2244"]
[Result "1-0"]
[Round "08"]
[TimeControl "180+1"]
[Date "2021.07.21"]
[WhiteClock "0:01:31"]
[BlackClock "0:00:24"]

1. d4 d5 2. c4 c6 3. Nf3 Nf6 4. Qc2 dxc4 5. Qxc4 b5 6. Qc2 Bb7 7. g3 Nbd7 8. Bg2 e6 9. O-O Be7 10. Rd1 O-O 11. Nc3 a6 12. Bf4 Qb6 13. Ne5 c5 14. d5 Nxe5 15. Bxe5 Nxd5 16. Nxd5 Bxd5 17. Bxd5 exd5 18. Rxd5 Rfd8 19. Rad1 Rxd5 20. Rxd5 Rd8 21. Qd2 c4 22. e4 Rxd5 23. Qxd5 h6 24. Kg2 Bc5 25. Qd7 Qe6 26. Qc7 Qe7 27. Qc8+ Kh7 28. Qf5+ Kg8 29. Bc3 f6 30. Qd5+ Kh7 31. f3 Qd6 32. Qf5+ Kg8 33. a3 Kf7 34. e5 Qe6 35. Qh5+ Kg8 36. exf6 gxf6 37. Qxc5 1-0


[Site "https://www.chess.com"]

[Event "Titled Tuesday Blitz July 20 2021"]
[White "Nguyen, Hong Ngoc"]
[Black "Ozates, Tuna"]
[WhiteFideId "12403083"]
[BlackFideId "6354521"]
[WhiteElo "1830"]
[BlackElo "1872"]
[Result "1-0"]
[Round "08"]
[TimeControl "180+1"]
[Date "2021.07.21"]
[WhiteClock "0:00:22"]
[BlackClock "0:00:26"]

1. e4 d6 2. d4 Nf6 3. Nd2 e5 4. c3 Nc6 5. Ngf3 Be7 6. Bd3 O-O 7. O-O Bg4 8. h3 Bh5 9. d5 Nb8 10. Re1 h6 11. g4 Bg6 12. Nf1 Nh7 13. Ng3 Ng5 14. Nxg5 Bxg5 15. b4 Nd7 16. a4 Bxc1 17. Qxc1 Qh4 18. Kg2 h5 19. Qe3 hxg4 20. hxg4 Qxg4 21. Rh1 f5 22. exf5 Bxf5 23. f3 Qg6 24. Bxf5 Rxf5 25. Rh3 Rg5 26. Rah1 Rf8 27. Kf2 Rf4 28. Qxa7 Qc2+ 29. Ne2 Nf6 30. Ke1 Rg2 31. Qb8+ Kf7 32. Qxc7+ Kg6 33. Rg3+ Rxg3 34. Nxg3 Qxc3+ 35. Qxc3 1-0


[Site "https://www.chess.com"]

[Event "Titled Tuesday Blitz July 20 2021"]
[White "Nguyen, Quoc Hy"]
[Black "Nathan, Nitish"]
[WhiteFideId "12410853"]
[BlackFideId "30927870"]
[WhiteElo "1975"]
[BlackElo "2249"]
[Result "1-0"]
[Round "08"]
[TimeControl "180+1"]
[Date "2021.07.21"]
[WhiteClock "0:01:46"]
[BlackClock "0:01:51"]

1. d4 d5 2. c4 c6 3. Nc3 Nf6 4. Bg5 dxc4 5. e4 b5 6. e5 Nd5 7. a4 Nxc3 8. bxc3 a6 9. axb5 cxb5 10. Qf3 Ra7 11. Be2 Bb7 12. Qg3 Nd7 13. Nf3 h6 14. Be3 Nb6 15. e6 Bd5 16. exf7+ Bxf7 17. Ne5 e6 18. O-O Bd6 19. Qxg7 Rg8 20. Qxh6 Nd5 21. Nxf7 Rxf7 22. Qxe6+ Be7 23. Bh5 Rf8 24. Rxa6 Nc7 25. Qc6+ Qd7 26. Ra8+ Bd8 27. Qe4+ Ne6 28. Bg5 b4 29. Qxe6+ Qe7 30. Qxe7# 1-0


[Site "https://www.chess.com"]

[Event "Titled Tuesday Blitz July 20 2021"]
[White "Omk124"]
[Black "Vdovin, Vadim"]
[BlackFideId "24107158"]
[WhiteElo "2565"]
[BlackElo "2406"]
[Result "0-1"]
[Round "08"]
[TimeControl "180+1"]
[Date "2021.07.21"]
[WhiteClock "0:00:45"]
[BlackClock "0:00:27"]

1. e4 e5 2. Nf3 Nc6 3. Bc4 Nf6 4. d3 Bc5 5. c3 O-O 6. b4 Be7 7. O-O d5 8. exd5 Nxd5 9. Re1 Bf6 10. Qb3 Nb6 11. Nbd2 Nxc4 12. Nxc4 Qxd3 13. Ncxe5 Nxe5 14. Nxe5 Qf5 15. Nf3 Be6 16. Qb2 Bd5 17. Nd4 Bxd4 18. cxd4 Qg4 19. f4 Rae8 20. Be3 Re6 21. Qf2 Rfe8 22. Bd2 Re2 23. Rxe2 Rxe2 24. Re1 Qxg2+ 25. Qxg2 Rxg2+ 26. Kf1 f6 27. Re2 Rxe2 28. Kxe2 Bxa2 29. Kd3 Kf7 30. f5 Bb1+ 31. Kc4 Bxf5 32. Bf4 c6 33. Bb8 a6 34. Kc5 Ke6 35. Kb6 Be4 36. Bg3 g5 37. h4 h6 38. hxg5 hxg5 39. Be1 f5 40. Kxb7 c5+ 41. Kxa6 cxb4 42. Bxb4 Kd5 43. Kb5 Kxd4 44. Bc5+ Kd3 45. Kb4 f4 46. Bg1 g4 47. Kc5 g3 0-1


[Site "https://www.chess.com"]

[Event "Titled Tuesday Blitz July 20 2021"]
[White "Onyshchuk, Volodymyr"]
[Black "Trent, Lawrence"]
[WhiteFideId "14114038"]
[BlackFideId "408638"]
[WhiteElo "2603"]
[BlackElo "2474"]
[Result "1/2-1/2"]
[Round "08"]
[TimeControl "180+1"]
[Date "2021.07.20"]
[WhiteClock "0:00:07"]
[BlackClock "0:00:08"]

1. Nf3 g6 2. g3 Bg7 3. Bg2 e5 4. O-O Ne7 5. c4 O-O 6. Nc3 Nbc6 7. Rb1 a5 8. a3 d6 9. b4 axb4 10. axb4 Nd4 11. d3 Nxf3+ 12. Bxf3 c6 13. Bb2 d5 14. cxd5 cxd5 15. Ra1 Be6 16. Rxa8 Qxa8 17. Nb5 Qb8 18. Bg2 Nc6 19. Qb3 Rc8 20. Rc1 Rd8 21. Qa4 h6 22. Bc3 Bg4 23. Kf1 Qc8 24. Bd2 Qf5 25. Be3 Bh3 26. Qb3 d4 27. Bd2 e4 28. Bxh3 Qxh3+ 29. Kg1 Ne5 30. dxe4 Ng4 31. Qf3 Qxh2+ 32. Kf1 Qh3+ 33. Qg2 Qh5 34. f3 Qxb5 35. fxg4 d3 36. e3 Qe5 37. Qf3 Qb2 38. Qf2 Qb3 39. Rc7 Rf8 40. Kg2 Qe6 41. Qf3 b5 42. Rc5 Rb8 43. e5 Bf8 44. Rd5 Re8 45. Rxd3 Qxe5 46. Bc3 Qe4 47. Qxe4 Rxe4 48. Bd4 Rxg4 49. Kf3 h5 50. Rc3 Rg5 51. Rc8 Rf5+ 52. Ke2 f6 53. Bc5 Kf7 54. Bxf8 Ke6 55. Bc5 Rg5 56. Re8+ Kd7 57. Re7+ Kc6 58. Re6+ Kd5 59. Rxf6 Rxg3 60. Kd3 h4 61. Rf8 h3 62. Rh8 g5 63. Rh6 g4 64. Rh5+ Kc6 65. Ke4 Rg2 66. Rh6+ Kd7 67. Kf4 h2 68. e4 g3 69. Ke5 Rg1 70. Rh7+ Kc6 71. Rh6+ Kc7 72. Rh7+ Kc8 73. Rh8+ Kb7 74. Rh7+ Kc8 75. Rh8+ Kc7 76. Rh7+ Kc8 1/2-1/2


[Site "https://www.chess.com"]

[Event "Titled Tuesday Blitz July 20 2021"]
[White "Ozen, Bahadir"]
[Black "Aldokhin, Ivan"]
[WhiteFideId "6337058"]
[BlackFideId "24115720"]
[WhiteElo "2503"]
[BlackElo "2306"]
[Result "1-0"]
[Round "08"]
[TimeControl "180+1"]
[Date "2021.07.20"]
[WhiteClock "0:00:08"]
[BlackClock "0:00:03"]

1. Nf3 Nf6 2. g3 g6 3. Bg2 Bg7 4. O-O d6 5. d4 O-O 6. Re1 Nc6 7. d5 Nb4 8. Nc3 e5 9. dxe6 fxe6 10. e4 e5 11. h3 h6 12. Be3 g5 13. Nd2 g4 14. h4 Nh5 15. Nf1 Nc6 16. Nd5 Nd4 17. Nh2 c6 18. Nb4 Nf6 19. c3 Nb5 20. Qd2 Kh7 21. a4 Nc7 22. Rad1 Nce8 23. Nc2 Qe7 24. c4 Be6 25. b3 c5 26. Qd3 b6 27. Bc1 Nh5 28. Ne3 Qd7 29. Nf5 Nhf6 30. Nxd6 Nxd6 31. Qxd6 Rad8 32. Qxd7 Rxd7 33. Nf1 Rfd8 34. Rxd7 Rxd7 35. Ne3 Rd3 36. Nd5 Kg6 37. b4 cxb4 38. Nxb4 Rb3 39. Nd5 Kf7 40. Be3 Nd7 41. a5 bxa5 42. Ra1 Nb6 43. Rxa5 Nxc4 44. Rxa7+ Kg6 45. Ra6 Kf7 46. Bf1 Nxe3 47. Nxe3 Rb2 48. Ra7+ Kg6 49. Ra6 Kf7 50. Bc4 Bxc4 51. Nxc4 Rc2 52. Ne3 Bf8 53. Nxc2 Bc5 54. Kf1 h5 55. Ke2 Ke7 56. Rc6 Bd6 57. Ne3 Bb8 58. Ra6 Kf7 59. Nd5 1-0


[Site "https://www.chess.com"]

[Event "Titled Tuesday Blitz July 20 2021"]
[White "Pacheco Lugo, Alejandro Jose"]
[Black "Maltsevskaya, Aleksandra"]
[WhiteFideId "3903745"]
[BlackFideId "24174041"]
[WhiteElo "2125"]
[BlackElo "2225"]
[Result "0-1"]
[Round "08"]
[TimeControl "180+1"]
[Date "2021.07.21"]
[WhiteClock "0:00:22"]
[BlackClock "0:01:46"]

1. e4 c5 2. Nf3 e6 3. d4 cxd4 4. Nxd4 Nf6 5. Nc3 Nc6 6. Ndb5 Bc5 7. Bf4 e5 8. Bg5 O-O 9. Bxf6 Qxf6 10. Qd2 a6 11. Nd5 Qg6 12. Nbc3 b5 13. f3 d6 14. a4 Be6 15. Bd3 b4 16. Nd1 Qh5 17. N1e3 Nd4 18. Bc4 Kh8 19. O-O Bxd5 20. Bxd5 f5 21. c3 f4 22. cxd4 Bxd4 23. Kh1 Bxe3 24. Qe1 Rf6 25. g3 Rh6 26. Rf2 fxg3 27. Qxe3 gxf2 28. Qxf2 Rf8 29. Rf1 Rxf3 0-1


[Site "https://www.chess.com"]

[Event "Titled Tuesday Blitz July 20 2021"]
[White "Pajeken, Jakob Leon"]
[Black "Perez Rodriguez, Luis Manuel"]
[WhiteFideId "12942839"]
[BlackFideId "3503364"]
[WhiteElo "2231"]
[BlackElo "2429"]
[Result "1/2-1/2"]
[Round "08"]
[TimeControl "180+1"]
[Date "2021.07.21"]
[WhiteClock "0:01:36"]
[BlackClock "0:00:44"]

1. d4 d5 2. Nf3 Nf6 3. Bf4 c5 4. e3 e6 5. c3 Bd6 6. Bb5+ Nc6 7. Bxc6+ bxc6 8. Bxd6 Qxd6 9. Qa4 cxd4 10. cxd4 O-O 11. b4 a5 12. a3 Ne4 13. O-O Ba6 14. Rc1 Bb5 15. Qb3 axb4 16. a4 Bc4 17. Qb2 c5 18. Nbd2 Nxd2 19. Nxd2 cxd4 20. Nxc4 dxc4 21. Rxc4 dxe3 22. fxe3 Qd3 23. Rxb4 Qxe3+ 24. Kh1 Rfd8 25. h3 h6 26. a5 Rd2 27. Rb8+ Rxb8 28. Qxb8+ Kh7 29. Qb1+ f5 30. Qg1 Qxg1+ 31. Kxg1 Rd7 32. Re1 Ra7 33. Rxe6 Rxa5 34. Kf2 Kg8 35. Re7 Kf8 36. Rb7 Re5 37. Kf3 Re7 38. Rb5 g6 39. g4 fxg4+ 40. Kxg4 Kg7 41. h4 h5+ 42. Kg5 Rf7 43. Rc5 Rd7 44. Rb5 Re7 45. Ra5 Rd7 46. Rb5 Kh7 47. Ra5 Rf7 48. Rb5 Kg7 49. Ra5 Re7 50. Rb5 Rf7 1/2-1/2


[Site "https://www.chess.com"]

[Event "Titled Tuesday Blitz July 20 2021"]
[White "Pein, Jonathan"]
[Black "Vlassov, Nikolai"]
[WhiteFideId "417092"]
[BlackFideId "4103360"]
[WhiteElo "2167"]
[BlackElo "2407"]
[Result "0-1"]
[Round "08"]
[TimeControl "180+1"]
[Date "2021.07.21"]
[WhiteClock "0:01:49"]
[BlackClock "0:02:21"]

1. e4 Nc6 2. b4 Nxb4 3. d4 d5 4. exd5 Bf5 5. Na3 Qxd5 6. c4 Qa5 7. Qd2 O-O-O 8. Nf3 e5 9. Nxe5 Rxd4 10. Qxd4 Nc2+ 11. Kd1 Qe1# 0-1


[Site "https://www.chess.com"]

[Event "Titled Tuesday Blitz July 20 2021"]
[White "Perez Gormaz, Matias"]
[Black "Plotnikov, Pavel"]
[WhiteFideId "3406342"]
[BlackFideId "4170342"]
[WhiteElo "2414"]
[BlackElo "2298"]
[Result "1-0"]
[Round "08"]
[TimeControl "180+1"]
[Date "2021.07.21"]
[WhiteClock "0:01:38"]
[BlackClock "0:01:16"]

1. d4 Nf6 2. c4 g6 3. g3 Bg7 4. Bg2 O-O 5. Nc3 d6 6. Nf3 Nbd7 7. O-O e5 8. Qc2 Re8 9. Rd1 c6 10. e4 Qc7 11. h3 exd4 12. Nxd4 Nc5 13. Bf4 Nh5 14. Be3 Qe7 15. Rd2 Nf6 16. Re2 Nfxe4 17. Nxe4 Nxe4 18. Bxe4 Qxe4 19. Bf4 Qxd4 20. Rxe8+ Bf8 21. Bh6 Bf5 22. Rxa8 1-0


[Site "https://www.chess.com"]

[Event "Titled Tuesday Blitz July 20 2021"]
[White "Petriashvili, Nikoloz"]
[Black "Hebden, Mark L"]
[WhiteFideId "13611216"]
[BlackFideId "400084"]
[WhiteElo "2430"]
[BlackElo "2457"]
[Result "1-0"]
[Round "08"]
[TimeControl "180+1"]
[Date "2021.07.20"]
[WhiteClock "0:00:05"]
[BlackClock "0:00:13"]

1. e4 e5 2. Nf3 Nc6 3. d4 exd4 4. Nxd4 Nf6 5. Nxc6 bxc6 6. e5 Qe7 7. Qe2 Nd5 8. g3 g6 9. c4 Nb6 10. b3 Bg7 11. Bb2 O-O 12. Bg2 Re8 13. f4 Bb7 14. O-O d6 15. Nc3 dxe5 16. f5 Nd7 17. Ne4 Nf6 18. Rae1 Nxe4 19. Bxe4 Rab8 20. Qf2 Bh6 21. Qxa7 Qb4 22. Qf2 Qb6 23. c5 Qa5 24. fxg6 fxg6 25. Bd3 Qd2 26. Bc4+ Kh8 27. Bxe5+ Rxe5 28. Qxd2 Bxd2 29. Rxe5 Rd8 30. Re7 Bb4 31. Rxc7 Bxc5+ 32. Kg2 Ba8 33. Rff7 1-0


[Site "https://www.chess.com"]

[Event "Titled Tuesday Blitz July 20 2021"]
[White "Pichot, Alan"]
[Black "Zubov, Alexander"]
[WhiteFideId "110973"]
[BlackFideId "14109409"]
[WhiteElo "2622"]
[BlackElo "2740"]
[Result "0-1"]
[Round "08"]
[TimeControl "180+1"]
[Date "2021.07.20"]
[WhiteClock "0:00:01"]
[BlackClock "0:00:53"]

1. e4 c5 2. Nf3 e6 3. d4 cxd4 4. Nxd4 a6 5. c4 Nf6 6. Nc3 Bb4 7. Qd3 Qc7 8. Be2 Nc6 9. O-O O-O 10. Bg5 Be7 11. Rac1 Ng4 12. Bxg4 Bxg5 13. Rcd1 Bf6 14. Nxc6 dxc6 15. f4 e5 16. f5 b5 17. Qe2 Qe7 18. g3 Rb8 19. Rf2 Qc5 20. Kg2 bxc4 21. h4 a5 22. Rd2 Rd8 23. Qd1 Rd4 24. Bf3 Ba6 25. Ne2 Rbd8 26. Nxd4 exd4 27. e5 Bxe5 28. Rfe2 f6 29. Re4 Bb7 30. Qc2 Ba6 31. Rg4 d3 32. Qa4 Qb4 33. Qd1 Bxb2 34. Bxc6 Bc3 35. Re2 Qd6 36. Re6 Qf8 37. h5 Kh8 38. h6 gxh6 39. Bf3 Bc8 40. Rxc4 Bxe6 41. fxe6 Be5 42. Bg4 Qg7 0-1


[Site "https://www.chess.com"]

[Event "Titled Tuesday Blitz July 20 2021"]
[White "Pinheiro, Iung Alicio de O."]
[Black "Moroni, Luca Jr"]
[WhiteFideId "2104350"]
[BlackFideId "865834"]
[WhiteElo "2615"]
[BlackElo "2491"]
[Result "0-1"]
[Round "08"]
[TimeControl "180+1"]
[Date "2021.07.20"]
[WhiteClock "0:00:14"]
[BlackClock "0:00:05"]

1. e4 e5 2. Bc4 Nf6 3. d3 Nc6 4. Nc3 Na5 5. Qf3 Nxc4 6. dxc4 h6 7. Nge2 d6 8. O-O Be7 9. Ng3 Be6 10. b3 Nd7 11. Nf5 Bf6 12. Be3 h5 13. h3 g6 14. Rad1 b6 15. Nb5 Kf8 16. Rd3 a6 17. Nc3 Nc5 18. Bxc5 bxc5 19. Ne3 Kg7 20. Ncd5 Bg5 21. Qe2 Bf4 22. Rfd1 Ra7 23. Nf1 Bh6 24. Nh2 c6 25. Nc3 Rd7 26. Nf3 Qe7 27. h4 Bg4 28. g3 Rhd8 29. Kg2 f5 30. Qe1 fxe4 31. Nxe4 d5 32. cxd5 cxd5 33. Nxc5 e4 34. Nxe4 dxe4 35. Rxd7 Bxf3+ 36. Kg1 Rxd7 37. Qc3+ Kh7 38. Re1 Bg7 39. Qe3 Qf7 40. c3 Qf5 41. Qb6 Qh3 0-1


[Site "https://www.chess.com"]

[Event "Titled Tuesday Blitz July 20 2021"]
[White "Porter, Ryan W"]
[Black "Gurevich, Dmitry"]
[WhiteFideId "2011239"]
[BlackFideId "2000407"]
[WhiteElo "2414"]
[BlackElo "2506"]
[Result "0-1"]
[Round "08"]
[TimeControl "180+1"]
[Date "2021.07.21"]
[WhiteClock "0:00:10"]
[BlackClock "0:00:31"]

1. c4 e6 2. g3 d5 3. Bg2 Nf6 4. Nf3 Be7 5. b3 O-O 6. O-O c5 7. cxd5 Nxd5 8. Bb2 Nc6 9. Na3 Bf6 10. Qc1 b6 11. Nc4 Bb7 12. a3 Rc8 13. Rd1 Nd4 14. Nxd4 cxd4 15. a4 Ba6 16. Qb1 Bxc4 17. bxc4 Rxc4 18. Qd3 Rc8 19. Ba3 Re8 20. Rdc1 Qd7 21. Qa6 d3 22. Rab1 dxe2 23. Qxe2 h6 24. Qb5 Qxb5 25. axb5 Red8 26. Kf1 Ne7 27. Ke2 Nf5 28. Rxc8 Rxc8 29. Bb2 Bxb2 30. Rxb2 Rc7 31. Kd3 Kf8 32. g4 Nd6 33. Bc6 Ke7 34. f4 a6 35. h3 axb5 36. Bxb5 Rc5 37. Ba6 b5 38. Kd4 Rd5+ 39. Ke3 Nc4+ 0-1


[Site "https://www.chess.com"]

[Event "Titled Tuesday Blitz July 20 2021"]
[White "Prraneeth Vuppala"]
[Black "Wieczorek, Zbigniew"]
[WhiteFideId "46622373"]
[BlackFideId "1102001"]
[WhiteElo "1759"]
[BlackElo "2302"]
[Result "1-0"]
[Round "08"]
[TimeControl "180+1"]
[Date "2021.07.21"]
[WhiteClock "0:00:18"]
[BlackClock "0:00:10"]

1. d4 Nf6 2. c4 g6 3. Nc3 Bg7 4. e4 d6 5. h3 O-O 6. Be3 b6 7. Nf3 c5 8. Qd2 Nc6 9. O-O-O cxd4 10. Nxd4 Bb7 11. f3 Rc8 12. b3 a6 13. Kb2 Nd7 14. Nxc6 Bxc6 15. Bh6 Bh8 16. Bxf8 Qxf8 17. Kb1 Qg7 18. Rc1 b5 19. cxb5 axb5 20. Qb2 Qh6 21. b4 Nb6 22. Qb3 Qg7 23. Qb2 Qh6 24. Bd3 Na4 25. Nxa4 Bxb2 26. Nxb2 Qg5 27. Rc2 Bd7 28. Rhc1 Rxc2 29. Rxc2 Be6 30. Nd1 Kg7 31. Nc3 Bc4 32. Bxc4 bxc4 33. a4 Qe5 34. a5 e6 35. a6 Qd4 36. Nb5 Qb6 37. a7 c3 38. a8=Q Qxb5 39. Rxc3 Qxb4+ 40. Kc2 Qd4 41. Qa6 Qf2+ 42. Kb3 Qe1 43. Qxd6 Qb1+ 44. Kc4 Qa2+ 45. Kd3 Qb1+ 46. Kd2 Qb2+ 47. Rc2 Qf6 48. Qd3 Qf4+ 49. Ke2 Qg3 50. Kf1 Qh2 51. Kf2 Qh1 52. Qd4+ f6 53. Rc7+ 1-0


[Site "https://www.chess.com"]

[Event "Titled Tuesday Blitz July 20 2021"]
[White "Przybylski, Wojciech"]
[Black "DieHardCuban"]
[WhiteFideId "1117599"]
[WhiteElo "2317"]
[BlackElo "2455"]
[Result "0-1"]
[Round "08"]
[TimeControl "180+1"]
[Date "2021.07.21"]
[WhiteClock "0:00:05"]
[BlackClock "0:00:02"]

1. e4 c5 2. Nf3 d6 3. d4 cxd4 4. Nxd4 Nf6 5. Nc3 a6 6. Be3 e5 7. Nb3 Be6 8. f3 Nbd7 9. Qd2 h5 10. O-O-O b5 11. Nd5 Bxd5 12. exd5 Nb6 13. Bg5 Qc7 14. Bxf6 gxf6 15. Qd3 Na4 16. Kb1 Rc8 17. Qf5 Ke7 18. Nd4 Bg7 19. Nc6+ Kf8 20. c4 bxc4 21. Bxc4 Qb7 22. Rd2 h4 23. Rhd1 Rh6 24. Rc2 Rg6 25. Rd3 Nc5 26. Ra3 Ra8 27. b4 Rg5 28. Qh3 f5 29. Qxh4 Rg6 30. Kc1 Nd7 31. Qe7+ Kg8 32. Nd8 Rxd8 33. Qxd8+ Kh7 34. Rb3 e4 35. fxe4 Bh6+ 36. Kb1 Ne5 37. exf5 Rg7 38. f6 Rg6 39. Qe7 Qb6 40. a4 Qg1+ 41. Ka2 Qd4 42. Bxa6 Qxd5 43. Bb7 Qd4 44. a5 Bg5 45. a6 Bxf6 46. Qc7 Nd7 47. Qa5 Qa1# 0-1


[Site "https://www.chess.com"]